[Event "POL-chT 1st League 2020"]
[Site "Ustron"]
[Date "2020.09.08"]
[Round "4.3"]
[White "Rawicz, Karol"]
[Black "Ciesla, Adam"]
[Result "0-1"]
[ECO "C70"]
[WhiteElo "2225"]
[BlackElo "2294"]
[Annotator "ChessBase"]
[PlyCount "46"]
[EventDate "2020.09.05"]
[EventType "team-tourn"]
[EventCountry "POL"]
[SourceTitle "playchess.com"]
[Source "ChessBase"]
[SourceQuality "1"]
[TimeControl "40/5400+30:1800+30"]

1. e4 e5 2. Nf3 Nc6 3. Bb5 a6 4. Ba4 b5 5. Bb3 Na5 6. O-O d6 7. d4 exd4 8. Nxd4 Bb7 9. Nf5 g6 10. Ne3 Bg7 11. Nc3 Nf6 12. Ned5 Nxd5 13. exd5 O-O 14. Be3 b4 15. Na4 Qh4 16. Qd3 Rae8 17. c4 Bc8 18. Rac1 Nxb3 19. Qxb3 Bd7 20. Qxb4 Re5 21. g3 Qh3 22. Rc2 Rfe8 23. Qb3 Rh5 0-1

[Event "POL-chT 1st League 2020"]
[Site "Ustron"]
[Date "2020.09.08"]
[Round "4.4"]
[White "Tomaszewski, Roman"]
[Black "Klepek, Witold"]
[Result "1/2-1/2"]
[ECO "C00"]
[WhiteElo "2206"]
[BlackElo "2159"]
[Annotator "ChessBase"]
[PlyCount "105"]
[EventDate "2020.09.05"]
[EventType "team-tourn"]
[EventCountry "POL"]
[SourceTitle "playchess.com"]
[Source "ChessBase"]
[SourceQuality "1"]
[TimeControl "40/5400+30:1800+30"]

1. e4 e6 2. d3 d5 3. Nd2 c5 4. Ngf3 Nf6 5. g3 Nc6 6. Bg2 Be7 7. O-O Qc7 8. Re1 b5 9. exd5 exd5 10. c4 bxc4 11. dxc4 O-O 12. Nf1 Rd8 13. Bf4 Qb6 14. Ne5 Nxe5 15. Bxe5 Be6 16. Qe2 Qa6 17. cxd5 Qxe2 18. Rxe2 Bxd5 19. Ne3 Bxg2 20. Kxg2 g6 21. Rc1 Nd5 22. Nxd5 Rxd5 23. b3 Rad8 24. Bc3 Bf8 25. Re4 f5 26. Ra4 R8d7 27. Ra6 R5d6 28. Ra5 Re6 29. Rc2 g5 30. Ra4 Kf7 31. Rd2 Red6 32. Rxd6 Bxd6 33. Bd2 g4 34. Be3 Ke6 35. h3 h5 36. h4 Kd5 37. Ra6 Rb7 38. Kf1 Re7 39. Bg5 Rd7 40. Ra4 Rb7 41. Be3 Bc7 42. Rc4 Bd6 43. Ra4 Bc7 44. Ke2 Bb6 45. Rf4 Ke6 46. Kd3 Rd7+ 47. Kc2 Rd5 48. Rc4 Re5 49. Kd3 Rd5+ 50. Ke2 Re5 51. Kd3 Rd5+ 52. Kc2 Re5 53. Kd3 1/2-1/2

[Event "POL-chT 1st League 2020"]
[Site "Ustron"]
[Date "2020.09.08"]
[Round "4.5"]
[White "Milanowski, Jan"]
[Black "Flis, Jacek"]
[Result "0-1"]
[ECO "A48"]
[WhiteElo "1751"]
[BlackElo "2214"]
[Annotator "ChessBase"]
[PlyCount "104"]
[EventDate "2020.09.05"]
[EventType "team-tourn"]
[EventCountry "POL"]
[SourceTitle "playchess.com"]
[Source "ChessBase"]
[SourceQuality "1"]
[TimeControl "40/5400+30:1800+30"]

1. d4 Nf6 2. Nf3 g6 3. Bf4 Bg7 4. h3 c5 5. c3 Qb6 6. Qb3 Nc6 7. e3 Na5 8. Qxb6 axb6 9. Nbd2 O-O 10. Be2 d6 11. O-O Bf5 12. g4 Bd7 13. Kh2 cxd4 14. exd4 Nd5 15. Bg3 b5 16. a3 Nb6 17. Ne1 Nac4 18. Nxc4 bxc4 19. Nc2 Rfc8 20. Ne3 Ra5 21. Rad1 Ba4 22. Rd2 Bb3 23. Bf3 Rc7 24. Be4 Rd7 25. f4 e6 26. f5 exf5 27. gxf5 Re7 28. fxg6 hxg6 29. Bxb7 Rxe3 30. Bxd6 Rh5 31. Bg2 Ba4 32. Bf4 Re7 33. Bf3 Rb5 34. Bg2 Rf5 35. Bd6 Rxf1 36. Bxf1 Re1 37. Rf2 Bb3 38. Bc5 Nd7 39. Bd6 Nf6 40. Bc7 Ne4 41. Re2 Rxf1 42. Rxe4 f5 43. Re2 Rd1 44. Re7 Rd2+ 45. Kg3 Rxb2 46. d5 Rd2 47. d6 Bf8 48. Rd7 Ba4 49. Rd8 Kf7 50. Kf4 Bh6+ 51. Kg3 Bc6 52. h4 f4+ 0-1

[Event "POL-chT 1st League 2020"]
[Site "Ustron"]
[Date "2020.09.08"]
[Round "4.6"]
[White "Lach, Aleksandra"]
[Black "Marcinczyk, Monika"]
[Result "1/2-1/2"]
[ECO "B38"]
[WhiteElo "2188"]
[BlackElo "1934"]
[Annotator "NA"]
[PlyCount "63"]
[EventDate "2020.09.05"]
[EventType "team-tourn"]
[EventCountry "POL"]
[SourceTitle "playchess.com"]
[Source "ChessBase"]
[SourceQuality "1"]
[TimeControl "40/5400+30:1800+30"]

1. e4 c5 2. Nf3 g6 3. d4 cxd4 4. Nxd4 Nc6 5. c4 Bg7 6. Be3 Nf6 7. Nc3 d6 8. Be2 O-O 9. O-O Bd7 10. h3 Nxd4 11. Bxd4 Bc6 12. Qc2 {[%emt 0:00:45] 12.Qc2 scores better than 12.Qd3. B38: Sicilian: Maroczy Bind with 5...Bg7 and 7...0-0.} a5 13. Rad1 Nd7 14. Bxg7 Kxg7 15. Bg4 Ne5 16. c5 Nxg4 17. hxg4 Qc8 18. cxd6 exd6 19. f3 Rd8 {[%emt 0:05:39] [#]} 20. Rf2 $146 ({Predecessor:} 20. Rd4 Qe6 21. Rfd1 Qe5 22. Qd2 Qc5 23. Qf4 b5 24. Kh2 b4 25. Ne2 Qb5 26. Ng3 {1-0 (35) Salomon,J (2509)-Svanda,O (2261) Teplice 2019}) 20... Qe6 21. Nd5 Rac8 22. Qc3+ Qe5 23. Qxa5 Ra8 24. Qb4 Ra4 25. Qb6 Rda8 26. Nc3 Rc4 27. Qc7 Rd4 28. Rfd2 Rxd2 $14 29. Rxd2 Qc5+ 30. Kh2 Qg5 31. Qxd6 Qh4+ 32. Kg1 1/2-1/2

[Event "POL-chT 1st League 2020"]
[Site "Ustron"]
[Date "2020.09.08"]
[Round "4.9"]
[White "Koziol, Kamil"]
[Black "Dudzinski, Pawel"]
[Result "1-0"]
[ECO "B15"]
[WhiteElo "2296"]
[BlackElo "2199"]
[Annotator "ChessBase"]
[PlyCount "83"]
[EventDate "2020.09.05"]
[EventType "team-tourn"]
[EventCountry "POL"]
[SourceTitle "playchess.com"]
[Source "ChessBase"]
[SourceQuality "1"]
[TimeControl "40/5400+30:1800+30"]

1. e4 c6 2. d4 d5 3. Nc3 g6 4. h3 Bg7 5. Nf3 Nf6 6. e5 Ne4 7. Nxe4 dxe4 8. Ng5 c5 9. dxc5 Qxd1+ 10. Kxd1 Bxe5 11. Bc4 O-O 12. c3 a5 13. Be3 Kg7 14. Nxe4 f5 15. Ng5 f4 16. Bd2 h6 17. Nf3 Bc7 18. Re1 Kf6 19. g4 fxg3 20. Bxh6 Rd8+ 21. Kc1 gxf2 22. Bg5+ Kf5 23. Rxe7 Bf4+ 24. Kc2 Bxg5 25. Rf7+ Bf6 26. Rf1 Be6 27. Nh4+ Ke4 28. Bd3+ Rxd3 29. Rxf6 Rxh3 30. Rxe6+ Kd5 31. Nxg6 Rxc3+ 32. Kxc3 Kxe6 33. Rxf2 Na6 34. Kc4 Rc8 35. Nf4+ Kd7 36. Nd3 b6 37. Rf7+ Ke6 38. Rb7 Nc7 39. Rxb6+ Ke7 40. Nf4 Rd8 41. Rb7 Kd7 42. Rxc7+ 1-0

[Event "POL-chT 1st League 2020"]
[Site "Ustron"]
[Date "2020.09.08"]
[Round "4.10"]
[White "Szyszylo, Rafal"]
[Black "Nowak, Mikolaj"]
[Result "1-0"]
[ECO "B12"]
[WhiteElo "2188"]
[BlackElo "2279"]
[Annotator "ChessBase"]
[PlyCount "97"]
[EventDate "2020.09.05"]
[EventType "team-tourn"]
[EventCountry "POL"]
[SourceTitle "playchess.com"]
[Source "ChessBase"]
[SourceQuality "1"]
[TimeControl "40/5400+30:1800+30"]

1. e4 c6 2. d4 d5 3. e5 Bf5 4. Nf3 e6 5. Be2 Be7 6. O-O h5 7. Nbd2 Nh6 8. c4 dxc4 9. Nxc4 Nd7 10. Bd2 Bg6 11. Ba5 b6 12. Bc3 Nf5 13. Rc1 Rc8 14. a4 h4 15. h3 O-O 16. Re1 Qc7 17. Bd3 Rfd8 18. Be4 Nf8 19. Qe2 Qd7 20. Red1 Nh6 21. Ncd2 Bf5 22. Kh2 Ng6 23. g3 Bxe4 24. Nxe4 Qd5 25. Ra1 Rc7 26. g4 Rcd7 27. Bd2 Qb3 28. Bxh6 gxh6 29. Qe3 Qd5 30. Re1 Kh7 31. Rac1 c5 32. dxc5 Nxe5 33. c6 Rc7 34. Red1 Nxf3+ 35. Qxf3 Qe5+ 36. Kg2 f5 37. Rxd8 Bxd8 38. Nc3 Rg7 39. Qd3 Bc7 40. Kf1 Kg8 41. Re1 Qf6 42. gxf5 exf5 43. Re8+ Kh7 44. Nd5 Qg5 45. Rf8 Kg6 46. Ne3 Rf7 47. Rg8+ Rg7 48. Rxg7+ Kxg7 49. Qd7+ 1-0

[Event "POL-chT 1st League 2020"]
[Site "Ustron"]
[Date "2020.09.08"]
[Round "4.11"]
[White "Tomaszewski, Kacper"]
[Black "Kucza, Karol"]
[Result "1/2-1/2"]
[ECO "D44"]
[WhiteElo "2341"]
[BlackElo "2285"]
[Annotator "ChessBase"]
[PlyCount "121"]
[EventDate "2020.09.05"]
[EventType "team-tourn"]
[EventCountry "POL"]
[SourceTitle "playchess.com"]
[Source "ChessBase"]
[SourceQuality "1"]
[TimeControl "40/5400+30:1800+30"]

1. d4 d5 2. c4 e6 3. Nc3 c6 4. Nf3 Nf6 5. Bg5 dxc4 6. a4 Bb4 7. e4 h6 8. Bxf6 Qxf6 9. Bxc4 Nd7 10. O-O O-O 11. e5 Qe7 12. Qe2 b6 13. Qe4 Bb7 14. Bd3 f5 15. exf6 Nxf6 16. Qh4 Nd5 17. Qxe7 Bxe7 18. Bc4 Bf6 19. Rfe1 Rfe8 20. Ne4 Rad8 21. a5 b5 22. Bb3 Nf4 23. Nc5 Bc8 24. g3 Nd5 25. Rad1 Nc7 26. Re4 Rd6 27. Rde1 Red8 28. Nxe6 Nxe6 29. Bxe6+ Bxe6 30. Rxe6 Rxe6 31. Rxe6 Bxd4 32. Nxd4 Rxd4 33. Rxc6 Rd2 34. b4 Rd4 35. Ra6 Rxb4 36. Rxa7 Ra4 37. a6 b4 38. Rb7 Rxa6 39. Rxb4 Ra7 40. Kg2 Kh7 41. Kf3 Rf7+ 42. Rf4 Ra7 43. Rf8 Kg6 44. Kg4 Ra2 45. h3 Ra3 46. f4 Ra4 47. Kh4 Rb4 48. g4 Rb3 49. f5+ Kh7 50. Rf7 Ra3 51. Rb7 Ra6 52. Re7 Rb6 53. Kh5 Ra6 54. h4 Ra5 55. Rf7 Rb5 56. g5 Rxf5 57. Rxf5 g6+ 58. Kg4 gxf5+ 59. Kxf5 hxg5 60. hxg5 Kg7 61. Ke4 1/2-1/2

[Event "POL-chT 1st League 2020"]
[Site "Ustron"]
[Date "2020.09.08"]
[Round "4.12"]
[White "Czerwinska, Milena"]
[Black "Kucharska, Honorata"]
[Result "0-1"]
[ECO "A08"]
[WhiteElo "2010"]
[BlackElo "2237"]
[Annotator "ChessBase"]
[PlyCount "102"]
[EventDate "2020.09.05"]
[EventType "team-tourn"]
[EventCountry "POL"]
[SourceTitle "playchess.com"]
[Source "ChessBase"]
[SourceQuality "1"]
[TimeControl "40/5400+30:1800+30"]

1. e4 e6 2. d3 d5 3. Nd2 c5 4. Ngf3 Nc6 5. g3 Nf6 6. Bg2 Be7 7. O-O O-O 8. Re1 b5 9. exd5 exd5 10. d4 c4 11. c3 Bf5 12. Ne5 Nxe5 13. Rxe5 Bg6 14. Re1 a5 15. a3 Bd6 16. Nf1 Ne4 17. f3 Nf6 18. Bg5 Be7 19. Ne3 Re8 20. Bxf6 Bxf6 21. Ng4 Qd6 22. Nxf6+ Qxf6 23. Qd2 h5 24. Rxe8+ Rxe8 25. Re1 Rxe1+ 26. Qxe1 b4 27. axb4 axb4 28. f4 Qf5 29. cxb4 Qd3 30. Qc3 Qd1+ 31. Kf2 Bd3 32. h4 Qe2+ 33. Kg1 Qe3+ 34. Kh2 Qf2 35. Kh1 Qxg3 36. b5 Qxh4+ 37. Kg1 Qf6 38. Bxd5 Qxf4 39. b6 Qg5+ 40. Bg2 Be4 41. Qh3 Qc1+ 42. Bf1 Qxb2 43. Qc8+ Kh7 44. Qxc4 Qxb6 45. Kf2 Qf6+ 46. Ke1 Qf5 47. Qc3 g6 48. Qe3 Kg7 49. Bc4 Bd5 50. Bd3 Qe6 51. Kf2 Qxe3+ 0-1

[Event "POL-chT 1st League 2020"]
[Site "Ustron"]
[Date "2020.09.08"]
[Round "4.18"]
[White "Przezdziecka, Ewa"]
[Black "Starosta, Martyna"]
[Result "1-0"]
[ECO "E83"]
[WhiteElo "2166"]
[BlackElo "2038"]
[Annotator "ChessBase"]
[PlyCount "69"]
[EventDate "2020.09.05"]
[EventType "team-tourn"]
[EventCountry "POL"]
[SourceTitle "playchess.com"]
[Source "ChessBase"]
[SourceQuality "1"]
[TimeControl "40/5400+30:1800+30"]

1. d4 Nf6 2. c4 g6 3. Nc3 Bg7 4. e4 d6 5. f3 O-O 6. Be3 Nc6 7. Qd2 a6 8. Bd3 Nd7 9. Nge2 e5 10. d5 Nb4 11. Bb1 a5 12. h4 f5 13. Bg5 Bf6 14. exf5 gxf5 15. Bxf5 Nb6 16. Bxc8 Nxc4 17. Bxf6 Qxf6 18. Qg5+ Qxg5 19. Be6+ Kg7 20. hxg5 Nc2+ 21. Kf2 Nxa1 22. Rxa1 Nxb2 23. Nb5 a4 24. Nxc7 Ra5 25. Bg4 Kh8 26. Rh1 Rf7 27. Ne6 Kg8 28. Nc3 Nd3+ 29. Ke3 Nf4 30. g3 Nxd5+ 31. Nxd5 Rxd5 32. Rc1 Re7 33. Rc8+ Kf7 34. Rf8+ Kg6 35. Rf6# 1-0

[Event "POL-chT 1st League 2020"]
[Site "Ustron"]
[Date "2020.09.08"]
[Round "4.21"]
[White "Kozak, Antoni"]
[Black "Budrewicz, Krzysztof"]
[Result "0-1"]
[ECO "E90"]
[WhiteElo "2347"]
[BlackElo "2227"]
[Annotator "ChessBase"]
[PlyCount "112"]
[EventDate "2020.09.05"]
[EventType "team-tourn"]
[EventCountry "POL"]
[SourceTitle "playchess.com"]
[Source "ChessBase"]
[SourceQuality "1"]
[TimeControl "40/5400+30:1800+30"]

1. d4 Nf6 2. c4 g6 3. Nc3 Bg7 4. e4 d6 5. Nf3 O-O 6. h3 c5 7. d5 a6 8. a4 e6 9. Bd3 Nbd7 10. Be3 e5 11. g4 Kh8 12. Nd2 Ng8 13. h4 Ndf6 14. Be2 Ne8 15. Nf1 f5 16. h5 f4 17. hxg6 Ne7 18. Rxh7+ Kg8 19. Bc1 Nxg6 20. Rh3 Nf6 21. f3 Bd7 22. a5 b6 23. axb6 Qxb6 24. Ra3 Nh8 25. Qd3 Nf7 26. Bd1 Ng5 27. Rh2 Kf7 28. b3 Rg8 29. Raa2 Bf8 30. Kd2 Be7 31. Kc2 Rab8 32. Kb1 Rh8 33. Rxh8 Rxh8 34. Rh2 Rxh2 35. Nxh2 Qb8 36. Qe2 Qh8 37. Qg2 Bd8 38. Bd2 Ba5 39. Be1 Bb4 40. Nf1 Kg6 41. Kc2 a5 42. Kd3 Qb8 43. Qh2 a4 44. bxa4 Bxc3 45. Bxc3 Bxa4 46. Bxa4 Qb1+ 47. Ke2 Nxf3 48. Nd2 Ng1+ 49. Kf2 Nxg4+ 50. Kg2 Qe1 51. Qxg1 Qg3+ 52. Kf1 Ne3+ 53. Qxe3 fxe3 54. Ke2 Qf2+ 55. Kd3 e2 56. Bb5 e1=N# 0-1

[Event "POL-chT 1st League 2020"]
[Site "Ustron"]
[Date "2020.09.08"]
[Round "4.22"]
[White "Reza, Wojciech"]
[Black "Chyzy, Jakub"]
[Result "1-0"]
[ECO "E94"]
[WhiteElo "2273"]
[BlackElo "2249"]
[Annotator "ChessBase"]
[PlyCount "77"]
[EventDate "2020.09.05"]
[EventType "team-tourn"]
[EventCountry "POL"]
[SourceTitle "playchess.com"]
[Source "ChessBase"]
[SourceQuality "1"]
[TimeControl "40/5400+30:1800+30"]

1. d4 Nf6 2. c4 d6 3. Nf3 Nbd7 4. Nc3 e5 5. e4 g6 6. Be2 Bg7 7. O-O O-O 8. Be3 c6 9. d5 c5 10. Ne1 Kh8 11. Nd3 Ng8 12. b4 b6 13. a4 a5 14. bxa5 bxa5 15. Nb5 Ra6 16. Ra2 f5 17. exf5 gxf5 18. f4 Re8 19. Bh5 Re7 20. fxe5 Nxe5 21. Bg5 Bf6 22. Nxe5 Rxe5 23. Bf4 Re4 24. Re2 Bg7 25. Rxe4 fxe4 26. Bg4 Bd7 27. Bxd7 Qxd7 28. Qe1 Qe7 29. Qg3 Bd4+ 30. Kh1 e3 31. Re1 Ra8 32. Bxd6 Qg7 33. Nxd4 cxd4 34. Be5 Nf6 35. Bxd4 Rc8 36. c5 Rf8 37. Qxg7+ Kxg7 38. Rxe3 Rb8 39. h3 1-0

[Event "POL-chT 1st League 2020"]
[Site "Ustron"]
[Date "2020.09.08"]
[Round "4.23"]
[White "Czernek, Tymon"]
[Black "Renkowski, Piotr"]
[Result "1-0"]
[ECO "C11"]
[WhiteElo "2267"]
[BlackElo "2149"]
[Annotator "ChessBase"]
[PlyCount "79"]
[EventDate "2020.09.05"]
[EventType "team-tourn"]
[EventCountry "POL"]
[SourceTitle "playchess.com"]
[Source "ChessBase"]
[SourceQuality "1"]
[TimeControl "40/5400+30:1800+30"]

1. e4 e6 2. d4 d5 3. Nc3 Nf6 4. e5 Nfd7 5. f4 c5 6. Nf3 a6 7. Be3 Qb6 8. Na4 Qa5+ 9. c3 cxd4 10. b4 Qc7 11. Bxd4 Nc6 12. Be2 Nxd4 13. Qxd4 b5 14. Nb2 Be7 15. Qd2 O-O 16. O-O f6 17. Nd3 Nb6 18. exf6 gxf6 19. Nd4 Bd7 20. Bg4 e5 21. Bxd7 Nxd7 22. fxe5 fxe5 23. Nf5 Qb6+ 24. Kh1 Qe6 25. g4 Kh8 26. Rae1 Bf6 27. Nf4 Qg8 28. Nxd5 Rad8 29. Qg2 Bg5 30. h4 Bf6 31. g5 Bg7 32. h5 e4 33. Qxe4 Nc5 34. bxc5 Qxd5 35. Qxd5 Rxd5 36. c6 Rc5 37. Ne7 Ra8 38. h6 Bxc3 39. Re3 Ba5 40. Ref3 1-0

[Event "POL-chT 1st League 2020"]
[Site "Ustron"]
[Date "2020.09.08"]
[Round "4.24"]
[White "Dwilewicz, Katarzyna"]
[Black "Wikar, Martyna"]
[Result "0-1"]
[ECO "B90"]
[WhiteElo "2134"]
[BlackElo "2045"]
[Annotator "ChessBase"]
[PlyCount "89"]
[EventDate "2020.09.05"]
[EventType "team-tourn"]
[EventCountry "POL"]
[SourceTitle "playchess.com"]
[Source "ChessBase"]
[SourceQuality "1"]
[TimeControl "40/5400+30:1800+30"]

1. e4 c5 2. Nf3 d6 3. d4 cxd4 4. Nxd4 Nf6 5. Nc3 a6 6. h3 e5 7. Nde2 b5 8. g4 Bb7 9. Bg2 h6 10. Be3 Nbd7 11. Ng3 Rc8 12. O-O Qc7 13. a3 Nb6 14. Qe2 Nc4 15. Bc1 g6 16. f4 exf4 17. Bxf4 Bg7 18. e5 dxe5 19. Bxb7 Qxb7 20. Bxe5 Nxe5 21. Qxe5+ Qe7 22. Qxe7+ Kxe7 23. Rfe1+ Kd7 24. Rad1+ Kc6 25. Kf2 Rhe8 26. Kf3 Nd7 27. Nge4 Ne5+ 28. Kf4 Nc4 29. Nd5 Be5+ 30. Kf3 a5 31. b4 a4 32. Rd3 Bb2 33. Kf2 Bxa3 34. Ndf6 Re6 35. Rb1 Bb2 36. c3 a3 37. Rdd1 a2 38. Rxb2 Nxb2 39. Ra1 Ra8 40. Ke3 Nc4+ 41. Kd3 Nd6 42. g5 Nxe4 43. Nxe4 Rd8+ 44. Ke3 Rde8 45. Kd4 0-1

[Event "POL-chT 1st League 2020"]
[Site "Ustron"]
[Date "2020.09.08"]
[Round "4.27"]
[White "Kokoszczynski, Jan"]
[Black "Olsen, Filip Boe"]
[Result "0-1"]
[ECO "E04"]
[WhiteElo "2231"]
[BlackElo "2351"]
[Annotator "ChessBase"]
[PlyCount "64"]
[EventDate "2020.09.05"]
[EventType "team-tourn"]
[EventCountry "POL"]
[SourceTitle "playchess.com"]
[Source "ChessBase"]
[SourceQuality "1"]
[TimeControl "40/5400+30:1800+30"]

1. d4 Nf6 2. c4 e6 3. Nf3 d5 4. g3 dxc4 5. Bg2 Bb4+ 6. Nbd2 O-O 7. O-O b5 8. Ne1 c6 9. Nc2 Be7 10. a4 Nd5 11. e4 Nf6 12. e5 Nd5 13. Ne4 Nd7 14. Re1 f5 15. exf6 N7xf6 16. Qe2 Nxe4 17. Bxe4 Bf6 18. h4 a6 19. Kg2 Ra7 20. Bd2 Raf7 21. f4 c5 22. axb5 axb5 23. Ba5 Qd7 24. dxc5 Bxb2 25. Rad1 Qa7 26. Bb4 Nxb4 27. Nxb4 Bc3 28. Bxh7+ Kxh7 29. Qc2+ Kg8 30. Qxc3 Qxc5 31. Rd4 e5 32. Rd2 exf4 0-1

[Event "POL-chT 1st League 2020"]
[Site "Ustron"]
[Date "2020.09.08"]
[Round "4.29"]
[White "Redzisz, Michal"]
[Black "Boe, Mads"]
[Result "1-0"]
[ECO "A96"]
[WhiteElo "2164"]
[BlackElo "2284"]
[Annotator "ChessBase"]
[PlyCount "53"]
[EventDate "2020.09.05"]
[EventType "team-tourn"]
[EventCountry "POL"]
[SourceTitle "playchess.com"]
[Source "ChessBase"]
[SourceQuality "1"]
[TimeControl "40/5400+30:1800+30"]

1. d4 f5 2. g3 Nf6 3. Bg2 e6 4. Nf3 Be7 5. O-O O-O 6. c4 d6 7. b3 Qe8 8. Bb2 Nc6 9. Nc3 Bd7 10. Re1 Qh5 11. e4 fxe4 12. Nxe4 Nxe4 13. Rxe4 Bf6 14. Qd2 Rae8 15. Rae1 b6 16. h4 Nd8 17. g4 Qf7 18. Rf4 e5 19. dxe5 dxe5 20. Nxe5 Qe7 21. Bd5+ Be6 22. g5 Bxe5 23. Rxe5 c6 24. Bxe6+ Nxe6 25. Rfe4 Qf7 26. Qe2 Nf4 27. Rxf4 1-0

[Event "POL-chT 1st League 2020"]
[Site "Ustron"]
[Date "2020.09.08"]
[Round "4.30"]
[White "Kubicka, Anna"]
[Black "Moscicka, Pola"]
[Result "1-0"]
[ECO "B67"]
[WhiteElo "2264"]
[BlackElo "1880"]
[Annotator "ChessBase"]
[PlyCount "83"]
[EventDate "2020.09.05"]
[EventType "team-tourn"]
[EventCountry "POL"]
[SourceTitle "playchess.com"]
[Source "ChessBase"]
[SourceQuality "1"]
[TimeControl "40/5400+30:1800+30"]

1. e4 c5 2. Nf3 Nc6 3. d4 cxd4 4. Nxd4 Nf6 5. Nc3 d6 6. Bg5 e6 7. Qd2 a6 8. O-O-O Bd7 9. Kb1 b5 10. Nxc6 Bxc6 11. f3 Be7 12. Bxf6 gxf6 13. Bd3 Qb6 14. f4 a5 15. f5 b4 16. Ne2 e5 17. Ng3 a4 18. Bc4 Qc5 19. Bd5 Rc8 20. Bxc6+ Rxc6 21. Qe2 Kd7 22. Rd5 Qa7 23. Rb5 Rb8 24. Rxb8 Qxb8 25. Qd3 Rc5 26. Rd1 Qb7 27. Nf1 Qc6 28. Ne3 a3 29. Nd5 axb2 30. Kxb2 Rb5 31. Qb3 Ke8 32. Rd3 Bd8 33. Rg3 Kf8 34. Rh3 Qc5 35. Qe3 Qc4 36. Rxh7 Ke8 37. Qa7 Qd4+ 38. Qxd4 exd4 39. Rh8+ Kd7 40. Rf8 Ba5 41. Rxf7+ Kc6 42. Rxf6 1-0

[Event "POL-chT 1st League 2020"]
[Site "Ustron"]
[Date "2020.09.09"]
[Round "5.15"]
[White "Luch, Michal"]
[Black "Kozak, Antoni"]
[Result "0-1"]
[ECO "D30"]
[WhiteElo "2389"]
[BlackElo "2347"]
[Annotator "RC"]
[PlyCount "108"]
[EventDate "2020.09.05"]
[EventType "team-tourn"]
[EventCountry "POL"]
[SourceTitle "playchess.com"]
[Source "ChessBase"]
[SourceQuality "1"]
[TimeControl "40/5400+30:1800+30"]

1. d4 d5 2. c4 e6 3. Nf3 Nf6 4. e3 Nbd7 5. b3 b6 6. Bb2 Bb7 7. Nbd2 Bd6 8. Bd3 O-O 9. O-O Re8 10. Ne5 c5 11. cxd5 exd5 12. Nxd7 Nxd7 13. Qh5 Nf6 14. Qh3 Ne4 15. Nxe4 dxe4 16. Bc4 Qg5 17. Qd7 Qe7 18. Qg4 cxd4 19. Bxd4 g6 20. Rad1 Red8 21. Qh3 h5 22. f4 exf3 23. gxf3 b5 24. Be2 Bc5 25. Bxc5 Qxc5 26. Kf2 Re8 27. Rd3 b4 28. Qh4 Ba6 29. Qd4 Qe7 30. Rdd1 Rad8 31. Qf4 Bxe2 32. Kxe2 Rc8 33. Rd2 Rc3 34. e4 Qc5 35. h4 Rc2 36. Rfd1 Rc8 37. Rxc2 Qxc2+ 38. Qd2 Qc7 39. Qd6 Qa5 40. Rd2 Qb5+ 41. Qd3 Qe5 42. Qd6 Qb5+ 43. Qd3 Qb6 44. Qd4 Qa6+ 45. Kf2 Rc1 46. Kg3 Rh1 47. Qd8+ Kg7 48. Qd4+ Kh7 49. Qd7 Qf6 50. Kg2 Rxh4 51. Kg3 Qf4+ 52. Kg2 Qf6 53. Qd6 Rh1 54. Qxb4 Qa6 0-1

[Event "POL-chT 1st League 2020"]
[Site "Ustron"]
[Date "2020.09.09"]
[Round "5.17"]
[White "Skawinski, Arkadiusz"]
[Black "Czernek, Tymon"]
[Result "0-1"]
[ECO "B31"]
[WhiteElo "2384"]
[BlackElo "2267"]
[Annotator "RC"]
[PlyCount "78"]
[EventDate "2020.09.05"]
[EventType "team-tourn"]
[EventCountry "POL"]
[SourceTitle "playchess.com"]
[Source "ChessBase"]
[SourceQuality "1"]
[TimeControl "40/5400+30:1800+30"]

1. e4 c5 2. Nf3 Nc6 3. Bb5 g6 4. Bxc6 dxc6 5. d3 Bg7 6. h3 e5 7. Be3 b6 8. Nc3 Ne7 9. Qd2 h6 10. Nh2 g5 11. Nf1 Ng6 12. Ng3 Nf4 13. Rh2 Be6 14. Nf5 Bxf5 15. exf5 Qd7 16. Ne4 O-O-O 17. g4 h5 18. f3 c4 19. dxc4 Qe7 20. Qc3 hxg4 21. fxg4 Rd4 22. f6 Bxf6 23. Nxf6 Qxf6 24. Bxd4 exd4 25. Qf3 Re8+ 26. Kd2 Re3 27. Qf1 Qe5 28. Re1 Qa5+ 29. c3 Qxa2 30. Rc1 Qxb2+ 31. Rc2 Qa3 32. Qc1 Qe7 33. Qf1 Rd3+ 34. Kc1 dxc3 35. Rhf2 Re3 36. Kd1 Qa3 37. Rf3 Qa1+ 38. Rc1 c2+ 39. Kxc2 Qc3+ 0-1

[Event "POL-chT 1st League 2020"]
[Site "Ustron"]
[Date "2020.09.10"]
[Round "6.6"]
[White "Kucharska, Honorata"]
[Black "Marcinczyk, Monika"]
[Result "1-0"]
[ECO "B40"]
[WhiteElo "2237"]
[BlackElo "1934"]
[Annotator "RC"]
[PlyCount "86"]
[EventDate "2020.09.05"]
[EventType "team-tourn"]
[EventCountry "POL"]
[SourceTitle "playchess.com"]
[Source "ChessBase"]
[SourceQuality "1"]
[TimeControl "40/5400+30:1800+30"]

1. e4 c5 2. Nf3 e6 3. g3 Nc6 4. Bg2 Nf6 5. Qe2 d5 6. exd5 Nxd5 7. O-O Be7 8. Rd1 Bf6 9. Nc3 Nxc3 10. dxc3 Qe7 11. Bf4 e5 12. Be3 Bd7 13. Nd2 b6 14. Ne4 g6 15. Qf3 Bg7 16. Nd6+ Kf8 17. Qxf7+ Qxf7 18. Nxf7 Bg4 19. Bxc6 Kxf7 20. Bxa8 Rxa8 21. Rd2 Bf6 22. f4 e4 23. a4 Rc8 24. a5 b5 25. Rd5 Be7 26. Kf2 Be6 27. Re5 Bd6 28. Rxe4 Bf5 29. Kf3 Bxe4+ 30. Kxe4 Re8+ 31. Kf3 Ke6 32. Rd1 a6 33. g4 Rf8 34. h4 h6 35. h5 gxh5 36. f5+ Ke7 37. Bxh6 hxg4+ 38. Kxg4 Rg8+ 39. Bg5+ Kd7 40. f6 Ke6 41. Re1+ Be5 42. f7 Rf8 43. Bf4 Kd5 1-0

[Event "POL-chT 1st League 2020"]
[Site "Ustron"]
[Date "2020.09.12"]
[Round "8.4"]
[White "Godzwon, Iwo"]
[Black "Rawicz, Karol"]
[Result "1-0"]
[ECO "B01"]
[WhiteElo "2317"]
[BlackElo "2225"]
[Annotator "NA RC"]
[PlyCount "67"]
[EventDate "2020.09.05"]
[EventType "team-tourn"]
[EventCountry "POL"]
[SourceTitle "playchess.com"]
[Source "ChessBase"]
[SourceQuality "1"]
[WhiteTeam "UKS RODLO Opole"]
[BlackTeam "SSz Gminy Pawlowice"]
[TimeControl "40/5400+30:1800+30"]

1. e4 d5 2. exd5 Qxd5 3. Nc3 Qa5 4. d4 Nf6 5. Bd2 Qb6 6. Nf3 Bg4 {[%emt 0:09:51] B01: Scandinavian Defence.} 7. h3 Bxf3 8. Qxf3 c6 9. O-O-O e6 10. g4 Nbd7 11. g5 Nd5 12. Nxd5 cxd5 13. c3 Rc8 14. Kb1 {[%emt 0:06:18] [#]} Qc6 $146 ({Predecessor:} 14... a5 15. Ka1 a4 16. Bd3 a3 17. b3 Bd6 18. h4 O-O 19. h5 f5 20. gxf6 Nxf6 {1-0 (52) Postupa,P (2226)-Hosticka,F (2192) Prague 2015}) 15. h4 g6 16. h5 Bg7 (16... Rg8 $16 17. Bd3 (17. hxg6 hxg6 18. Bd3 Bg7 $16) 17... a6 18. hxg6 hxg6) 17. Bd3 Rg8 18. Rde1 Nb6 19. b3 Rc7 20. hxg6 hxg6 21. Rh7 Nc8 22. Rc1 b5 {[%emt 0:13:23] [#]} 23. Bf4 (23. Rch1 $1 $18 Ne7 24. Bf4) 23... Rb7 24. Rch1 Bf8 25. Be5 Nb6 26. Rh8 Rxh8 27. Rxh8 $18 ({Inferior is} 27. Bxh8 Nc4 $11) 27... Nd7 28. Bg7 Qd6 29. Bh6 Qh2 30. Kb2 b4 31. c4 Qd6 32. c5 Qc7 33. Bxg6 Nxc5 34. Rxf8+ 1-0